AoeStats
← Sosshec

Black Forest

507202024Analyzed
4v4 RM · 17d ago on Sep 17, 2026· 43m 20s· 8 players
Game mode
Random Map
Map size
Large (8 player)
Population
200
Speed
Normal
Resources
Standard
Victory
Conquest
Starting age
Dark Age
Ending age
Imperial Age
RankedLock teamsTeams togetherTeam positionsShared explorationLock speedFull tech treeHidden civsTurbo modeCheats
Victory
Defeat
🇲🇽 Aztecs · Mexico
952
+13
🇨🇳 Persians · China
949
+13
🇨🇳 Byzantines · China
861
+17
🇨🇱 Britons · Chile
844
+17
🇲🇽 Turks · Mexico
946
-17
🇺🇸 Malians · United States
895
-16
🇬🇹 Romans · Guatemala
873
-15
🇲🇽 Khmer · Mexico
814
-12
The HypnoToad
0:34 Loom
13:46 Feudal Age
14:37 Double-Bit Axe
16:56 Horse Collar
20:40 Wheelbarrow
23:01 Castle Age
24:04 Stone Mining
24:25 Bow Saw
24:08 Gold Mining
24:19 Heavy Plow
28:12 Stone Shaft Mining
28:13 Gold Shaft Mining
28:49 Fletching
35:55 Tigui
39:24 Imperial Age
37:34 Coinage
38:59 Light Cavalry
39:49 Bloodlines
39:39 Husbandry
39:45 Scale Barding Armor
39:51 Forging
40:48 Block Printing
41:45 Farimba
42:06 Conscription
42:07 Chain Barding Armor
42:23 Iron Casting
43:03 Ballistics
El Tlatoani
1:17 Loom
14:41 Feudal Age
16:50 Double-Bit Axe
22:11 Castle Age
23:40 Bow Saw
36:05 Imperial Age
34:18 Fervor
34:38 Sanctity
35:52 Wheelbarrow
37:45 Two-Man Saw
36:55 Thumb Ring
37:27 Bloodlines
37:17 Husbandry
38:40 Heavy Camel Rider
Sosshec
3:06 Loom
10:55 Feudal Age
12:06 Double-Bit Axe
18:40 Horse Collar
21:19 Castle Age
22:45 Pikeman
22:49 Man-at-Arms
23:39 Caravan
25:04 Wheelbarrow
26:00 Long Swordsman
29:55 Hand Cart
30:12 Forging
31:27 Bow Saw
35:01 Imperial Age
35:10 Imperial Age
33:37 Stone Mining
35:46 Ballistas
37:29 Heavy Scorpion
38:47 Halberdier
soytupadreelgabo
20:06 Feudal Age
22:22 Double-Bit Axe
24:17 Gold Mining
24:11 Horse Collar
24:51 Stone Mining
30:14 Castle Age
31:35 Bow Saw
31:45 Caravan
31:51 Heavy Plow
34:09 Gold Shaft Mining
35:33 Stone Shaft Mining
41:14 Imperial Age
43:06 Chemistry
antonio35604
0:36 Loom
12:41 Feudal Age
13:36 Double-Bit Axe
20:10 Castle Age
18:00 Horse Collar
18:26 Gold Mining
18:49 Stone Mining
20:08 Fletching
22:15 Stone Shaft Mining
22:24 Wheelbarrow
22:45 Bow Saw
26:47 Town Watch
27:18 Hand Cart
27:28 Heavy Plow
27:02 Elite Skirmisher
28:06 Fortified Wall
27:53 Treadmill Crane
29:38 Bodkin Arrow
34:16 Imperial Age
32:44 Ballistics
33:39 Atlatl
33:41 Padded Archer Armor
35:10 Gold Shaft Mining
35:02 Leather Archer Armor
35:57 Chemistry
35:00 Bracer
36:43 Crop Rotation
37:35 Conscription
39:39 Siege Engineers
Dr Deleetus
1:11 Loom
12:52 Feudal Age
18:09 Castle Age
20:37 Wheelbarrow
19:48 Horse Collar
19:56 Double-Bit Axe
20:51 Bow Saw
27:03 Fortified Wall
28:29 Hand Cart
28:51 Treadmill Crane
30:22 Ballistics
31:10 Gold Mining
31:11 Stone Mining
32:36 Gold Shaft Mining
35:39 Imperial Age
32:55 Town Watch
34:22 Man-at-Arms
34:22 Pikeman
34:47 Gambesons
35:03 Squires
34:48 Arson
36:05 Padded Archer Armor
35:55 Fletching
36:16 Forging
36:06 Scale Mail Armor
36:24 Masonry
35:39 Long Swordsman
36:50 Conscription
36:33 Two-Handed Swordsman
37:34 Leather Archer Armor
37:14 Bodkin Arrow
37:54 Elite Longbowman
39:06 Ring Archer Armor
38:36 Bracer
39:01 Bracer
39:23 Halberdier
42:33 Chemistry
41:39 Siege Engineers
42:04 Architecture
43:25 Iron Casting
43:05 Chain Mail Armor
43:15 Yeomen
42:55 Warwolf
43:56 Hoardings
331165679
10:49 Feudal Age
11:16 Horse Collar
11:25 Double-Bit Axe
19:34 Castle Age
17:34 Gold Mining
17:57 Stone Mining
20:15 Heavy Plow
20:30 Bow Saw
21:32 Gold Shaft Mining
21:33 Stone Shaft Mining
27:21 Caravan
33:18 Imperial Age
31:28 Wheelbarrow
32:48 Treadmill Crane
33:29 Ballistics
33:20 Fortified Wall
35:29 Crop Rotation
36:07 Two-Man Saw
35:11 Husbandry
35:43 Conscription
35:34 Logistica
37:09 Elite Cataphract
38:36 Scale Barding Armor
38:42 Forging
38:27 Arrowslits
39:57 Hand Cart
大草原畜牧
7:30 Loom
11:48 Feudal Age
12:42 Double-Bit Axe
15:29 Castle Age
13:22 Horse Collar
17:02 Wheelbarrow
16:35 Heavy Plow
16:48 Bow Saw
21:03 Heavy Plow
24:39 Hand Cart
25:55 Gold Mining
28:47 Imperial Age
27:53 Gold Shaft Mining
28:44 Scale Barding Armor
28:49 Forging
28:23 Onager
28:56 Cavalier
30:27 Husbandry
30:40 Bloodlines
30:24 Savar
33:09 Chain Barding Armor
33:24 Iron Casting
34:26 Plate Barding Armor
36:14 Blast Furnace
38:24 Conscription
37:24 Elite War Elephant
41:17 Hoardings
42:02 Elite War Elephant
Connection lost

Rejoining the realm…

Still unreachable

The connection could not be restored.

Session expired

The server has moved on; the page needs a fresh start.